 Dungeon Crawl Stone Soup version 0.17.1-2-g5865329 (webtiles) character file.

53 Pepeogr the Caller (level 3, 0/24 HPs)
             Began as a Merfolk Summoner on Feb 9, 2016.
             Shot with a sling bullet of flame by a goblin (7 damage)
             ... on level 2 of the Dungeon.
             The game lasted 00:12:14 (876 turns).

Pepeogr the Caller (Merfolk Summoner)                Turns: 876, Time: 00:12:15

Health: 0/24       AC:  2    Str:  8    XL:     3   Next: 89%
Magic:  5/6        EV: 13    Int: 15    God:
Gold:   59         SH:  0    Dex: 14    Spells: 2 memorised, 3 levels left

rFire  . . .     SeeInvis .     (no weapon)
rCold  . . .     Clarity  .     a - +0 robe
rNeg   . . .     SustAt   .     (no shield)
rPois  .         Gourm    .     (no helmet)
rElec  .         Spirit   .     (no cloak)
rCorr  .         Warding  .     (no gloves)
rMut   .         Stasis   .     (no boots)
MR     .....                    (no amulet)
Stlth  ++........               (no ring)
                                (no ring)

@: not resistant to hostile enchantments, unstealthy
A: change form in water, swift swim
a: no special abilities


You were on level 2 of the Dungeon.
You were not hungry.

You visited 1 branch of the dungeon, and saw 2 of its levels.

You collected 59 gold pieces.

Inventory:

Armour
 a - a +0 robe (worn)
 j - a +2 chain mail of poison resistance
Scrolls
 e - a scroll of enchant armour {unknown}
 f - 2 scrolls of recharging {unknown}
 h - a scroll of noise {unknown}
 i - 2 scrolls of identify {unknown}
Potions
 c - a potion of curing {unknown}
 d - a potion of brilliance {unknown}
 g - a potion of flight {unknown}
Books
 b - a book of Callings

   Spells                             Type                      Level
   a - Summon Small Mammal            Summoning                    1
   b - Call Imp                       Summoning                    2
   c - Call Canine Familiar           Summoning                    3
   d - Summon Guardian Golem          Hexes/Summoning              3
   e - Summon Lightning Spire         Summoning/Air                4
   f - Summon Ice Beast               Ice/Summoning                4


   Skills:
 + Level 3.2 Dodging
 + Level 2.5 Stealth
 + Level 0.4 Unarmed Combat
 + Level 2.2 Spellcasting
 * Level 4.8 Summonings


You had 3 spell levels left.
You knew the following spells:

 Your Spells              Type           Power        Failure   Level  Hunger
a - Summon Small Mammal   Summ           ###.         3%          1    #......
b - Call Imp              Summ           ###.....     6%          2    ###....


Dungeon Overview and Level Annotations

Branches:
Dungeon (2/15)

Altars:


Message History

The sling bullet of flame burns you.
* * * LOW HITPOINT WARNING * * *
The goblin shoots a sling bullet of flame.
The sling bullet of flame misses you.
You see here a sling bullet of flame.
Wield which item (- for none, * to show all)? (? for menu, Esc to quit)
Okay, then.
The goblin shoots a sling bullet of flame.
The sling bullet of flame hits you but does no damage.
The sling bullet of flame burns you.
* * * LOW HITPOINT WARNING * * *
The goblin shoots a sling bullet of flame.
The sling bullet of flame closely misses you.
You see here a sling bullet of flame.
The goblin shoots a sling bullet of flame.
The sling bullet of flame hits your crimson imp.
Your crimson imp blinks!
The goblin shoots a sling bullet of flame.
The sling bullet of flame hits you!
You die...

#.# #.# ##.###.####
####.........#
..##..###.†#.#
#..####.##..#
##.#.# .##.
...5.##.(# #.#.#
..... #..##.)#
#<#.#
......##.....##
#.#.#
.........@.<.#
#.#.###
#.....##..(..#
#.#...# #....
#.§#..# #..##.##
###.
#..#..#####.÷)...##
#
#.g..........÷.....
#.##.............##
#.##########.##.##
#(# ### .# #(# .#


You could see a goblin and a friendly crimson imp.

Vanquished Creatures
  Ijyb (D:2)
  An adder (D:2)
  2 goblins (D:1)
  2 hobgoblins
  A rat (D:2)
7 creatures vanquished.

Vanquished Creatures (collateral kills)
  Terence (D:2)
  A kobold (D:1)
  2 bats (D:1)
  A giant cockroach (D:1)
  2 giant newts (D:1)
  3 goblins
  A rat (D:2)
11 creatures vanquished.

Grand Total: 18 creatures vanquished

Notes
Turn   | Place    | Note
--------------------------------------------------------------
     0 | D:1      | Pepeogr the Merfolk Summoner began the quest for the Orb.
     0 | D:1      | Reached XP level 1. HP: 13/13 MP: 3/3
   403 | D:1      | Reached XP level 2. HP: 13/19 MP: 3/5
   409 | D:1      | Learned a level 2 spell: Call Imp
   463 | D:2      | Noticed Ijyb
   490 | D:2      | Killed Ijyb
   490 | D:2      | Reached XP level 3. HP: 8/24 MP: 3/6
   714 | D:2      | Noticed Terence
   807 | D:2      | Killed Terence
   876 | D:2      | Shot with a sling bullet of flame by a goblin

Action                   || total
-------------------------++-------
Melee: Unarmed           ||    31
 Cast: Summon Small Mamm ||     9
       Call Imp          ||    10
  Use: Potion            ||     1
  Eat: Bread ration      ||     1
